 Dungeon Crawl Stone Soup version 0.28-a0-578-g717728bcc0 (webtiles) character file.

Game seed: 3927013977822011863

23 Conn the Firebug (level 3, -3/21 HPs)
             Began as an Octopode Fire Elementalist on Oct 2, 2021.
             Slain by a gnoll (5 damage)
             ... on level 2 of the Dungeon.
             The game lasted 00:01:31 (1004 turns).

Conn the Firebug (Octopode Fire Elementalist)       Turns: 1004, Time: 00:01:31

Health: -3/21      AC:  1    Str:  6 (7)  XL:     3   Next: 0%
Magic:  3/6        EV: 13    Int: 15 (18) God:
Gold:   39         SH:  0    Dex: 10 (12) Spells: 5/6 levels left

rFire   . . .      SeeInvis .   c - +3 mace
rCold   . . .      Faith    .   (no shield)
rNeg    . . .      Spirit   .   (helmet restricted)
rPois   .          Reflect  .   (no amulet)
rElec   .          Harm     .   (no ring)
rCorr   .          Rampage  .   (no ring)
Will    .....                   (no ring)
Stlth   +++.......              (no ring)
HPRegen 0.07/turn               (no ring)
MPRegen 0.10/turn               (no ring)
                                (no ring)
                                (no ring)

@: no status effects
A: almost no armour, amphibious, 8 rings, camouflage 1, gelatinous body 1,
(nimble swimmer 1), tentacles
a: no special abilities


You were on level 2 of the Dungeon.
You visited 1 branch of the dungeon, and saw 2 of its levels.

You collected 39 gold pieces.

Inventory:

Hand Weapons
 c - a +3 mace (weapon)
Scrolls
 d - a scroll of torment {unknown}
 f - a scroll of magic mapping {unknown}
Potions
 a - a potion of cancellation


   Skills:
 + Level 2.0 Dodging
 + Level 3.1 Stealth
 + Level 2.3 Spellcasting
 + Level 1.3 Conjurations
 + Level 3.4 Fire Magic


You had 5 spell levels left.
You knew the following spells:

 Your Spells              Type           Power      Damage    Failure   Level
a - Foxfire               Conj/Fire      32%        2x1d5     9%          1

Your spell library contained the following spells:

 Spells                   Type           Power      Damage    Failure   Level
 Scorch                   Fire           24%        2d6       8%          2
 Conjure Flame            Conj/Fire      8%         6-21      24%         3
 Inner Flame              Hex/Fire       6%         N/A       32%         3
 Flame Wave               Conj/Fire      8%         3d4       63%         4


Dungeon Overview and Level Annotations

Branches:
Dungeon (2/15)

Altars:


Innate Abilities, Weirdness & Mutations

You cannot wear most types of armour.
You are amphibious.
You can wear up to eight rings at the same time.
Your skin changes colour to match your surroundings (Stealth+).
Your rubbery body absorbs attacks. (AC +1, EV +1)
((You are camouflaged near water. (Stealth+)))
You have tentacles for arms and can constrict up to eight enemies at once.


Message History

The jackal closely misses you. The jackal barely misses you.
You hit the jackal. You grab the jackal. You squeeze the jackal.
You kill the jackal!
A gnoll comes into view. It is wielding a +0 spear.
A kobold comes into view. It is wielding a +0 short sword.
Found 5 gold pieces.
The kobold shouts!
You hear a shout!
You hear an angry hiss.
A gnoll comes into view. It is wielding a +0 whip.
You see here 5 gold pieces.
The gnoll shouts!
You sock the hobgoblin!
You kill the hobgoblin!
Casting: Foxfire (safe; 7% risk of failure)
Confirm with . or Enter, or press ? or * to list all spells.
You conjure some foxfire!
The foxfire hits the kobold.
The kobold is severely wounded.
Unknown command.
You hit the kobold.
You kill the kobold!
The gnoll throws a stone.
The stone hits you.
* * * LOW HITPOINT WARNING * * *
You have reached level 3!
Your experience leads to an increase in your attributes!
Increase (S)trength, (I)ntelligence, or (D)exterity?
You feel clever.
Okay, then.
Okay, then.
Unknown command.
Unknown command.
As you read the scroll labelled ULEL TATORCH, it crumbles to dust.
It is a scroll of identify.
a - a potion of cancellation A gnoll comes into view.
It is wielding a +0 whip.
The foxfire hits the gnoll.
The gnoll is moderately wounded.
It was a potion of degeneration.
There was something very wrong with that liquid.
You feel weakened.
You feel dopey.
You feel clumsy. The gnoll hits you with a +0 flail.
You die...

...# ####.g.##
#........
#........
#######........
#[...g†<.......
#.########g..##
#.#####.... .#
#.g@.g.g#
#.####### #.#
.K# ##.# ...
#.# #.


You could see 4 gnolls.

Vanquished Creatures
  4 endoplasms (D:1)
  A giant cockroach (D:1)
  4 hobgoblins
  3 jackals (D:2)
  A kobold (D:2)
  A quokka (D:1)
  A ball python (D:1)
  A bat (D:1)
  3 frilled lizards (D:1)
  A rat (D:1)
20 creatures vanquished.

Vanquished Creatures (others)
  57 foxfires
57 creatures vanquished.

Grand Total: 77 creatures vanquished

Notes
Turn   | Place    | Note
-------+----------+-------------------------------------------
     0 | D:1      | Conn the Octopode Fire Elementalist began the quest for the
                  | Orb.
     0 | D:1      | Reached XP level 1. HP: 11/11 MP: 3/3
   249 | D:1      | Reached XP level 2. HP: 17/17 MP: 0/5
  1003 | D:2      | Reached XP level 3. HP: 1/21 MP: 3/6
  1004 | D:2      | Slain by a gnoll

Illustrated notes

Levels and vault maps discovered:
D:1:      doesnt_arrival_eight_statues, layout_basic
D:2:      layout_loops_ring, serial_shops, nicolae_square_shop

Skill      XL: |  1 |
---------------+----+-----
Stealth        | 3 |  3.1
Dodging        | |  2.0
Spellcasting   | |  2.3
Conjurations   | |  1.3
Fire Magic     | |  3.4

Action                   || total
-------------------------++-------
Melee: Mace              ||    10
       Unarmed           ||     4
       Constrict         ||     3
       Tentacles         ||     1
 Cast: Foxfire           ||    35
  Use: Scroll            ||     1
       Potion            ||     1
Armor: Skin              ||     1
Dodge: Dodged            ||    17

Table legend: (Time is in decaauts)
 A = Elapsed time spent in this place.
 B = Non-inter-level travel time spent in this place.
 C = Inter-level travel time spent in this place.
 D = Time resting spent in this place.
 E = Time spent auto-exploring this place.
 F = Levels seen in this place.
 G = Mean time per level.
                   A        B        C        D        E       F      G
               +--------+--------+--------+--------+--------+-----+--------+
         Total |   1007 |    986 |     21 |      0 |    844 |   2 |  503.5 |
       Dungeon |   1007 |    986 |     21 |      0 |    844 |   2 |  503.5 |
               +--------+--------+--------+--------+--------+-----+--------+

Top non-repeatable levels by time:
     D:1: 978 daAuts
     D:2: 28 daAuts
